TOP OF THE 1ST |
Baltimore Orioles batting - Pitching for Milwaukee Brewers : LHP Tom Underwood
|
Pitching: LHP Tom Underwood
|
|
Batting: SHB Willie McGee
|
0-0: SINGLE (Groundball, 6S, EV 68.8 MPH) (infield hit)
|
Batting: SHB Johnny Ray
|
0-0: Ball 1-0: Ground out 6-3 (Groundball, 6S, EV 70.0 MPH) Willie McGee to second
|
Batting: SHB Steve R Ontiveros
|
0-0: Ball 1-0: Called Strike 1-1: Ball 2-1: Foul Ball, location: 2F 2-2: Ground out U3 (Groundball, 3, EV 81.3 MPH) Willie McGee to third
|
Batting: RHB Dwight Evans
|
0-0: Ball 1-0: Ball 2-0: Foul Ball, location: 2F 2-1: Foul Ball, location: 2F 2-2: Ball 3-2: Ground out 5-3 (Groundball, 56S, EV 80.0 MPH)
|
Top of the 1st over - 0 runs, 1 hit, 0 errors, 1 left on base; Baltimore 0 - Milwaukee 0 |
BOTTOM OF THE 1ST |
Milwaukee Brewers batting - Pitching for Baltimore Orioles : RHP Jim Clancy
|
Pitching: RHP Jim Clancy
|
|
Batting: RHB Steve Sax
|
0-0: Ball 1-0: Bunted foul 1-1: Ball 2-1: Ball 3-1: Called Strike 3-2: Strikes out looking
|
Batting: LHB Von Hayes
|
0-0: Ball 1-0: Ball 2-0: Foul Ball, location: 2F 2-1: Ball 3-1: Swinging Strike 3-2: Foul Ball, location: 2F 3-2: Foul Ball, location: 2F 3-2: Foul Ball, location: 2F 3-2: Base on Balls
|
Batting: RHB Eric Davis
|
0-0: Foul Ball, location: 2F 0-1: Ball 1-1: Foul Ball, location: 2F 1-2: Strikes out swinging
|
Batting: RHB Mike Schmidt
|
0-0: Ball 1-0: Ground out 1-3 (Groundball, P, EV 68.8 MPH)
|
Bottom of the 1st over - 0 runs, 0 hits, 0 errors, 1 left on base; Baltimore 0 - Milwaukee 0 |
TOP OF THE 2ND |
Baltimore Orioles batting - Pitching for Milwaukee Brewers : LHP Tom Underwood
|
Batting: RHB Ron Cey
|
0-0: Foul Ball, location: 2F 0-1: Foul Ball, location: 2F 0-2: Foul Ball, location: 2F 0-2: Ball 1-2: Ball 2-2: Fly out, F9 (Flyball, 9S, EV 87.5 MPH)
|
Batting: RHB Matt Rice
|
0-0: Ball 1-0: Swinging Strike 1-1: Ball 2-1: Foul Ball, location: 2F 2-2: Fly out, F9 (Flyball, 9, EV 92.5 MPH)
|
Batting: RHB Mark Brouhard
|
0-0: Called Strike 0-1: Swinging Strike 0-2: Hit by Pitch
|
Batting: RHB Garth Iorg
|
0-0: Foul Ball, location: 2F 0-1: Called Strike 0-2: Foul Ball, location: 2F 0-2: Reached on error, E6 (Groundball, 6MS, EV 83.1 MPH) Mark Brouhard to second
|
Batting: RHB Jim Sundberg
|
0-0: 3-RUN HOME RUN (Line Drive, 7D, EV 106.3 MPH), Distance : 386 ft
|
Batting: SHB Willie McGee
|
0-0: Foul Ball, location: 2F 0-1: Swinging Strike 0-2: Fly out, F8 (Flyball, 89M, EV 84.4 MPH)
|
Top of the 2nd over - 3 runs, 1 hit, 1 error, 0 left on base; Baltimore 3 - Milwaukee 0 |
BOTTOM OF THE 2ND |
Milwaukee Brewers batting - Pitching for Baltimore Orioles : RHP Jim Clancy
|
Batting: LHB Al Oliver
|
0-0: Ball 1-0: Fly out, F8 (Line Drive, 8LM, EV 91.9 MPH)
|
Batting: RHB Thurman Munson
|
0-0: Called Strike 0-1: Ball 1-1: Foul Ball, location: 2F 1-2: SINGLE (Groundball, 4D, EV 100.0 MPH)
|
Batting: RHB Glenn Davis
|
0-0: Ball 1-0: Fly out, F7 (Flyball, 7LS, EV 98.1 MPH)
|
Batting: RHB Ken Landreaux
|
0-0: Called Strike 0-1: SINGLE (Groundball, 5S, EV 63.8 MPH) (infield hit) Thurman Munson to second
|
Batting: SHB Alfredo Griffin
|
0-0: Called Strike 0-1: Ball 1-1: Ground out 3-1 (Groundball, 34, EV 96.3 MPH)
|
Bottom of the 2nd over - 0 runs, 2 hits, 0 errors, 2 left on base; Baltimore 3 - Milwaukee 0 |
TOP OF THE 3RD |
Baltimore Orioles batting - Pitching for Milwaukee Brewers : LHP Tom Underwood
|
Batting: SHB Johnny Ray
|
0-0: SINGLE (Groundball, 15S, EV 70.0 MPH) (infield hit)
|
Batting: SHB Steve R Ontiveros
|
0-0: Called Strike Johnny Ray is caught stealing 2nd base 2-4 0-1: Ball 1-1: Swinging Strike 1-2: Ball 2-2: Foul Ball, location: 2F 2-2: Foul Ball, location: 2F 2-2: Foul Ball, location: 2F 2-2: Ball 3-2: Foul Ball, location: 2F 3-2: Ground out 6-3 (Groundball, 6, EV 86.3 MPH)
|
Batting: RHB Dwight Evans
|
0-0: Foul Ball, location: 2F 0-1: Ball 1-1: Foul Ball, location: 2F 1-2: Strikes out swinging
|
Top of the 3rd over - 0 runs, 1 hit, 0 errors, 0 left on base; Baltimore 3 - Milwaukee 0 |
BOTTOM OF THE 3RD |
Milwaukee Brewers batting - Pitching for Baltimore Orioles : RHP Jim Clancy
|
Batting: RHB Steve Sax
|
0-0: Ball 1-0: Swinging Strike 1-1: Foul Ball, location: 2F 1-2: Ball 2-2: Foul Ball, location: 2F 2-2: Foul Ball, location: 2F 2-2: Foul Ball, location: 2F 2-2: Foul Ball, location: 2F 2-2: Strikes out swinging
|
Batting: LHB Von Hayes
|
0-0: Ball 1-0: Ball 2-0: Ball 3-0: Base on Balls
|
Batting: RHB Eric Davis
|
0-0: Called Strike 0-1: Fielders Choice at 2nd, 5-4 (Groundball, 5, EV 83.8 MPH)
|
Batting: RHB Mike Schmidt
|
0-0: Ball 1-0: Ball 2-0: Called Strike 2-1: Foul Ball, location: 2F 2-2: Ball 3-2: Fly out, F9 (Flyball, 9, EV 89.4 MPH)
|
Bottom of the 3rd over - 0 runs, 0 hits, 0 errors, 1 left on base; Baltimore 3 - Milwaukee 0 |
TOP OF THE 4TH |
Baltimore Orioles batting - Pitching for Milwaukee Brewers : LHP Tom Underwood
|
Batting: RHB Ron Cey
|
0-0: Called Strike 0-1: Called Strike 0-2: Foul Ball, location: 2F 0-2: Ball 1-2: Strikes out swinging
|
Batting: RHB Matt Rice
|
0-0: Ball 1-0: Ball 2-0: SINGLE (Groundball, 25, EV 69.4 MPH) (infield hit)
|
Batting: RHB Mark Brouhard
|
0-0: Ball 1-0: Foul Ball, location: 2F 1-1: Called Strike 1-2: Foul Ball, location: 2F 1-2: Strikes out swinging
|
Batting: RHB Garth Iorg
|
0-0: Ball Wild Pitch! Matt Rice to second 1-0: Fly out, F4 (Flyball, 34D, EV 81.3 MPH)
|
Top of the 4th over - 0 runs, 1 hit, 0 errors, 1 left on base; Baltimore 3 - Milwaukee 0 |
BOTTOM OF THE 4TH |
Milwaukee Brewers batting - Pitching for Baltimore Orioles : RHP Jim Clancy
|
Batting: LHB Al Oliver
|
0-0: Called Strike 0-1: Ground out 6-3 (Groundball, 6, EV 106.3 MPH)
|
Batting: RHB Thurman Munson
|
0-0: Ball 1-0: Ball 2-0: Foul Ball, location: 2F 2-1: Ball 3-1: Base on Balls
|
Batting: RHB Glenn Davis
|
0-0: Called Strike 0-1: Ball 1-1: Called Strike 1-2: Foul Ball, location: 2F 1-2: Foul Ball, location: 2F 1-2: Ball 2-2: Foul Ball, location: 2F 2-2: Fly out, F8 (Flyball, 78D, EV 100.6 MPH)
|
Batting: RHB Ken Landreaux
|
0-0: Ball 1-0: Fielders Choice at 2nd, 5-4 (Groundball, 5, EV 82.5 MPH)
|
Bottom of the 4th over - 0 runs, 0 hits, 0 errors, 1 left on base; Baltimore 3 - Milwaukee 0 |
TOP OF THE 5TH |
Baltimore Orioles batting - Pitching for Milwaukee Brewers : LHP Tom Underwood
|
Pitching: RHP Roy Smith
|
|
Batting: RHB Jim Sundberg
|
0-0: Fly out, F1 (Line Drive, P, EV 73.1 MPH)
|
Batting: SHB Willie McGee
|
0-0: Called Strike 0-1: Fly out, F7 (Flyball, 7LS, EV 91.3 MPH)
|
Batting: SHB Johnny Ray
|
0-0: Ball 1-0: Ground out 3-1 (Groundball, 34, EV 86.3 MPH)
|
Top of the 5th over - 0 runs, 0 hits, 0 errors, 0 left on base; Baltimore 3 - Milwaukee 0 |
BOTTOM OF THE 5TH |
Milwaukee Brewers batting - Pitching for Baltimore Orioles : RHP Jim Clancy
|
Pitching: RHP George Durham
|
|
Batting: SHB Alfredo Griffin
|
0-0: SINGLE (Groundball, 6D, EV 95.0 MPH)
|
Batting: RHB Steve Sax
|
0-0: Ball 1-0: Ball 2-0: Called Strike 2-1: Grounds into double play, 5-4-3 (Groundball, 56, EV 75.6 MPH)
|
Batting: LHB Von Hayes
|
0-0: Called Strike 0-1: Ball 1-1: Ball 2-1: Ball 3-1: Base on Balls
|
Batting: RHB Eric Davis
|
0-0: Ball 1-0: Ball 2-0: Called Strike 2-1: Ball 3-1: Foul Ball, location: 2F 3-2: Base on Balls Von Hayes to second
|
Batting: RHB Mike Schmidt
|
0-0: Called Strike 0-1: Fielders Choice at 2nd, 6-4 (Groundball, 6, EV 82.5 MPH)
|
Bottom of the 5th over - 0 runs, 1 hit, 0 errors, 2 left on base; Baltimore 3 - Milwaukee 0 |
TOP OF THE 6TH |
Baltimore Orioles batting - Pitching for Milwaukee Brewers : RHP Roy Smith
|
Batting: SHB Steve R Ontiveros
|
0-0: Ball 1-0: Foul Ball, location: 2F 1-1: Ball 2-1: Foul Ball, location: 2F 2-2: Foul Ball, location: 2F 2-2: Ground out 4-3 (Groundball, 4, EV 88.8 MPH)
|
Batting: RHB Dwight Evans
|
0-0: SOLO HOME RUN (Flyball, 7D, EV 97.5 MPH), Distance : 386 ft
|
Batting: RHB Ron Cey
|
0-0: Ball 1-0: Foul Ball, location: 2F 1-1: Foul Ball, location: 2F 1-2: Ball 2-2: Ball 3-2: Ground out 3-1 (Groundball, 34, EV 101.3 MPH)
|
Batting: RHB Matt Rice
|
0-0: Foul Ball, location: 2F 0-1: Swinging Strike 0-2: Foul Ball, location: 2F 0-2: Ball 1-2: Foul Ball, location: 2F 1-2: Ball 2-2: Foul Ball, location: 2F 2-2: Ball 3-2: Ground out 6-3 (Groundball, 6, EV 85.0 MPH)
|
Top of the 6th over - 1 run, 1 hit, 0 errors, 0 left on base; Baltimore 4 - Milwaukee 0 |
BOTTOM OF THE 6TH |
Milwaukee Brewers batting - Pitching for Baltimore Orioles : RHP George Durham
|
Batting: LHB Al Oliver
|
0-0: Ball 1-0: Ball 2-0: Called Strike 2-1: Foul Ball, location: 2F 2-2: Strikes out swinging
|
Batting: RHB Thurman Munson
|
0-0: Called Strike 0-1: Swinging Strike 0-2: Ball 1-2: Strikes out swinging
|
Batting: RHB Glenn Davis
|
0-0: Ground out 5-3 (Groundball, 56S, EV 85.0 MPH)
|
Bottom of the 6th over - 0 runs, 0 hits, 0 errors, 0 left on base; Baltimore 4 - Milwaukee 0 |
TOP OF THE 7TH |
Baltimore Orioles batting - Pitching for Milwaukee Brewers : RHP Roy Smith
|
Batting: RHB Mark Brouhard
|
0-0: Foul Ball, location: 2F 0-1: Called Strike 0-2: Strikes out looking
|
Batting: RHB Garth Iorg
|
0-0: Foul Ball, location: 2F 0-1: Called Strike 0-2: Foul Ball, location: 2F 0-2: Foul Ball, location: 2F 0-2: Ball 1-2: Strikes out swinging
|
Batting: RHB Jim Sundberg
|
0-0: Ball 1-0: Ball 2-0: Called Strike 2-1: Foul Ball, location: 2F 2-2: DOUBLE (Line Drive, 7LM, EV 90.0 MPH)
|
Batting: SHB Willie McGee
|
0-0: Called Strike 0-1: Foul Ball, location: 2F 0-2: Ball 1-2: Ball 2-2: Foul Ball, location: 2F 2-2: Ball 3-2: Base on Balls
|
Pinch Hitting: SHB Mike Henderson
|
0-0: Called Strike 0-1: Ball 1-1: Fly out, F2 (Popup, 13S, EV 90.0 MPH)
|
Top of the 7th over - 0 runs, 1 hit, 0 errors, 2 left on base; Baltimore 4 - Milwaukee 0 |
BOTTOM OF THE 7TH |
Milwaukee Brewers batting - Pitching for Baltimore Orioles : RHP George Durham
|
Now at 3B: Mike Henderson
|
|
Batting: RHB Ken Landreaux
|
0-0: Called Strike 0-1: Swinging Strike 0-2: Ball 1-2: Strikes out swinging
|
Batting: SHB Alfredo Griffin
|
0-0: Called Strike 0-1: Ball 1-1: Called Strike 1-2: Ground out U3 (Groundball, 3, EV 82.5 MPH)
|
Pinch Hitting: RHB Brian J Giles
|
0-0: Foul Ball, location: 2F 0-1: SINGLE (Line Drive, 34, EV 94.4 MPH)
|
Pinch Hitting: RHB Ricky Jacquez
|
0-0: Called Strike 0-1: Called Strike Brian J Giles is caught stealing 2nd base 2-4
|
Bottom of the 7th over - 0 runs, 1 hit, 0 errors, 0 left on base; Baltimore 4 - Milwaukee 0 |
TOP OF THE 8TH |
Baltimore Orioles batting - Pitching for Milwaukee Brewers : RHP Roy Smith
|
Now at 2B: Brian J Giles
|
|
Now in LF: Ricky Jacquez
|
|
Pinch Hitting: LHB Mario Delgado
|
0-0: Foul Ball, location: 2F 0-1: Fly out, F6 (Popup, 6MS, EV 81.9 MPH)
|
Batting: RHB Dwight Evans
|
0-0: Ball 1-0: Called Strike 1-1: Ball 2-1: Called Strike 2-2: Ball 3-2: Fly out, F8 (Line Drive, 8RD, EV 93.1 MPH)
|
Batting: LHB Dave Parker
|
0-0: Fly out, F8 (Flyball, 8LD, EV 96.3 MPH)
|
Top of the 8th over - 0 runs, 0 hits, 0 errors, 0 left on base; Baltimore 4 - Milwaukee 0 |
BOTTOM OF THE 8TH |
Milwaukee Brewers batting - Pitching for Baltimore Orioles : RHP George Durham
|
Now in LF: Mario Delgado
|
|
Batting: RHB Ricky Jacquez
|
0-0: Called Strike 0-1: Ball 1-1: Fly out, F7 (Flyball, 7LD, EV 108.8 MPH)
|
Pinch Hitting: RHB Skeeter Barnes
|
0-0: Called Strike 0-1: Ball 1-1: Fly out, F6 (Popup, P, EV 80.0 MPH)
|
Pinch Hitting: RHB Pat Tabler
|
0-0: Ball 1-0: Ball 2-0: Ball 3-0: Called Strike 3-1: Ground out 4-3 (Groundball, 4, EV 84.4 MPH)
|
Bottom of the 8th over - 0 runs, 0 hits, 0 errors, 0 left on base; Baltimore 4 - Milwaukee 0 |
TOP OF THE 9TH |
Baltimore Orioles batting - Pitching for Milwaukee Brewers : RHP Roy Smith
|
Now at 3B: Pat Tabler
|
|
Now in LF: Skeeter Barnes
|
|
Pinch Hitting: LHB Garcia Gutierrez
|
0-0: Ball 1-0: Ball 2-0: Ball 3-0: Base on Balls
|
Pitching: RHP Andy Messersmith
|
|
Pinch Hitting: SHB Jordan Ayala
|
0-0: Swinging Strike 0-1: Foul Ball, location: 2F 0-2: Ball 1-2: Foul Ball, location: 2F 1-2: Fly out, F4 (Flyball, 34D, EV 88.8 MPH)
|
Pinch Hitting: RHB Marty G Barrett
|
0-0: Ball 1-0: Fielders Choice at 2nd, 6-4 (Groundball, 6, EV 80.0 MPH)
|
Pinch Hitting: RHB Dennis Werth
|
0-0: Ball 1-0: Foul Ball, location: 2F 1-1: Called Strike 1-2: Ball 2-2: Fly out, F4 (Popup, 4, EV 61.3 MPH)
|
Top of the 9th over - 0 runs, 0 hits, 0 errors, 1 left on base; Baltimore 4 - Milwaukee 0 |
BOTTOM OF THE 9TH |
Milwaukee Brewers batting - Pitching for Baltimore Orioles : RHP George Durham
|
Now at C: Bill Foley
|
|
Now at 2B: Marty G Barrett
|
|
Now at SS: Garcia Gutierrez
|
|
Now in LF: Jordan Ayala
|
|
Batting: SHB Eddie Murray
|
0-0: Foul Ball, location: 2F 0-1: Called Strike 0-2: Foul Ball, location: 2F 0-2: Ball 1-2: Ball 2-2: Ground out 4-3 (Groundball, 4, EV 81.9 MPH)
|
Pitching: LHP Dave LaRoche
|
|
Pinch Hitting: RHB Kevin Buckley
|
0-0: Foul Ball, location: 2F 0-1: Ball 1-1: Foul Ball, location: 2F 1-2: Strikes out swinging, 2-3 out at first.
|
Pinch Hitting: RHB Martinho Varandas
|
0-0: Foul Ball, location: 2F 0-1: Foul Ball, location: 2F 0-2: Fly out, F9 (Line Drive, 9, EV 97.5 MPH)
|
Bottom of the 9th over - 0 runs, 0 hits, 0 errors, 0 left on base; Baltimore 4 - Milwaukee 0 |
|